 Dungeon Crawl Stone Soup version 0.27.1-3-gb3d3a73c9e (webtiles) character file.

Game seed: 12174696309714713388

21 Erina the Poker (level 2, 27/27 HPs)
             Began as a Minotaur Berserker on Oct 23, 2021.
             Was a Follower of Trog.
             Quit the game on level 1 of the Dungeon.
             The game lasted 00:04:07 (889 turns).

Erina the Poker (Minotaur Berserker)                 Turns: 889, Time: 00:04:08

Health: 27/27      AC:  8    Str: 21    XL:     2   Next: 62%
Magic:  1/1        EV:  8    Int:  4    God:    Trog [*.....]
Gold:   31         SH:  0    Dex:  9    Spells: 1/1 levels left

rFire    . . .     SeeInvis .   a - +0 spear
rCold    . . .     Faith    .   (no shield)
rNeg     . . .     Spirit   .   g - +0 chain mail
rPois    .         Reflect  .   (helmet restricted)
rElec    .         Harm     .   (no cloak)
rCorr    .         Rampage  .   (no gloves)
Will     .....                  (no boots)
Stlth    ..........             (no amulet)
HPRegen  0.09/turn              (no ring)
MPRegen  0.07/turn              (no ring)

@: very slow
A: horns 2, retaliatory headbutt
a: Renounce Religion, Berserk


You were on level 1 of the Dungeon.
You worshipped Trog.
Trog was aware of your devotion.
You visited 1 branch of the dungeon, and saw 1 of its levels.

You collected 31 gold pieces.

Inventory:

Hand Weapons
 a - a +0 spear (weapon)
 d - a +0 flail
Missiles
 j - 4 javelins (quivered)
Armour
 g - a +0 chain mail (worn)
Scrolls
 c - a scroll of magic mapping {unknown}
 e - 4 scrolls of teleportation {unknown}
 f - a scroll of fog {unknown}
 i - 2 scrolls of identify {unknown}
 k - a scroll of enchant armour {unknown}
Potions
 b - a potion of degeneration {unknown}
 h - 2 potions of brilliance {unknown}


   Skills:
 + Level 4.1 Fighting
 * Level 4.3 Polearms
 + Level 2.5 Armour
 + Level 2.3 Dodging


You had one spell level left.
You didn't know any spells.
Your spell library was empty.

Dungeon Overview and Level Annotations

Branches:
Dungeon (1/15)

Altars:


Innate Abilities, Weirdness & Mutations

You have a pair of horns on your head.
You reflexively headbutt those who attack you in melee.


Message History

You completely miss the goblin. The goblin hits you but does no damage.
You miss the goblin. The goblin barely misses you.
You hit the goblin.
You kill the goblin!
Trog accepts your kill.
Things that are here:
a +0 club; a goblin corpse
Found a robe.
An endoplasm comes into view.
The endoplasm quivers.
The endoplasm freezes you.
You are frozen.
Your chain mail prevents you from hitting the endoplasm.
The endoplasm hits you but does no damage.
You hit the endoplasm. You headbutt the endoplasm.
You kill the endoplasm!
Trog accepts your kill.
Found a mace.
You see here a +0 robe.
A ball python comes into view.
Found a scroll labelled VOXECEM QOECH.
You hit the ball python.
You kill the ball python!
Trog accepts your kill.
You see here a ball python corpse.
k - a scroll labelled VOXECEM QOECH You open the door.
There is an open door here.
You see here a staff of poison.
You open the door.
There is an open door here.
There is an open door here.
There is an open door here.
There is an open door here.
You see here a +0 club.
You enter the shallow water.
Moving in this stuff is going to be slow.
Done exploring.
Done exploring.
Are you sure you want to abandon this character and quit the game? (Confirm with "yes".)

##.|##≈≈≈#≈#....# #####
#...#≈≈≈≈≈≈#....####
#..##≈#≈#≈≈##).....#
#..≈≈≈≈≈≈≈≈≈#......#
#..#≈≈≈≈≈≈#≈≈......#
#..##≈#≈≈≈≈#≈......#
#...≈≈≈≈#≈≈#....####
#...###≈≈##≈..###
#.....##@#....# #########
###.............###........
#....+...'..##.............
##.###...##.##.####........
#)# #...##.#..# #........
#.# ######.#.### #........
#.# #.#(..###:....... #.#
#.#.#............ #.#
####.#.#.####†......


There were no monsters in sight!

Vanquished Creatures
  2 bats (D:1)
  4 endoplasms (D:1)
  2 giant cockroaches (D:1)
  2 goblins (D:1)
  2 hobgoblins (D:1)
  2 quokkas (D:1)
  A ball python (D:1)
  A kobold (D:1)
  A rat (D:1)
17 creatures vanquished.

Notes
Turn   | Place    | Note
-------+----------+-------------------------------------------
     0 | D:1      | Erina the Minotaur Berserker began the quest for the Orb.
     0 | D:1      | Reached XP level 1. HP: 19/19 MP: 0/0
   303 | D:1      | Reached XP level 2. HP: 27/27 MP: 1/1
   617 | D:1      | Found a faded altar of an unknown god.
   889 | D:1      | Quit the game

Illustrated notes

Levels and vault maps discovered:
D:1:      nzn_arrival_crosshair, layout_basic, basic_ecumenical_altar,
          minivault_26, minivault_4, minmay_tetromino_i4

Skill      XL: |  1  2 |
---------------+-------+-----
Polearms       | 4 |  4.3
Fighting       | 4 |  4.1
Armour         | |  2.5
Dodging        | |  2.3

Action                   || total
-------------------------++-------
Melee: Spear             ||    41
       Headbutt          ||     9
Armor: Animal skin       ||     4
       Chain mail        ||    16
Dodge: Dodged            ||    16
